MID
KANE COUNTY COUGARS @ HARTFORD YARD GOATS
09/18/2049
 
TOP OF THE 1ST
Kane County Cougars batting - Pitching for Hartford Yard Goats : RHP Ryan Squire
Pitching: RHP Ryan Squire
Batting: LHB J.P. Olson 0-0: Ball
1-0: Fly out, F3 (Line Drive, 3, EV 69.4 MPH)
Batting: RHB Daniel Rivera 0-0: Swinging Strike
0-1: Ball
1-1: Ball
2-1: Ball
3-1: Base on Balls
Batting: RHB Mike Smith 0-0: Ball
1-0: Grounds into double play, 5-4-3 (Groundball, 56S, EV 83.8 MPH)
Top of the 1st over - 0 runs, 0 hits, 0 errors, 0 left on base; Kane County 0 - Hartford 0
BOTTOM OF THE 1ST
Hartford Yard Goats batting - Pitching for Kane County Cougars : RHP Marco Rodriguez
Pitching: RHP Marco Rodriguez
Batting: RHB Doug D'Onofrio 0-0: Foul Ball, location: 2F
0-1: Called Strike
0-2: Ground out 5-3 (Groundball, 56S, EV 72.5 MPH)
Batting: SHB Jeff Sorrels 0-0: Swinging Strike
0-1: Foul Ball, location: 2F
0-2: Foul Ball, location: 2F
0-2: Foul Ball, location: 2F
0-2: Ball
1-2: Ball
2-2: Foul Ball, location: 2F
2-2: SINGLE (Groundball, 34D, EV 95.0 MPH)
Batting: RHB Andy Rayer 0-0: Swinging Strike
0-1: Ball
1-1: Called Strike
1-2: Ground out 4-3 (Groundball, 34, EV 106.2 MPH)
Jeff Sorrels to second
Batting: SHB Ken Griffey IV 0-0: Swinging Strike
0-1: DOUBLE (Flyball, 8RXD, EV 104.4 MPH)
Jeff Sorrels scores
Batting: RHB Chris Osting 0-0: Called Strike
0-1: Fly out, F8 (Flyball, 8LXD, EV 111.2 MPH)
Bottom of the 1st over - 1 run, 2 hits, 0 errors, 1 left on base; Kane County 0 - Hartford 1
TOP OF THE 2ND
Kane County Cougars batting - Pitching for Hartford Yard Goats : RHP Ryan Squire
Batting: RHB Longfellow Wetzler 0-0: Ball
1-0: Foul Ball, location: 2F
1-1: Ground out 4-3 (Groundball, 4, EV 88.1 MPH)
Batting: RHB Cesar Rendon 0-0: Ball
1-0: Ball
2-0: Called Strike
2-1: Called Strike
2-2: Ball
3-2: Foul Ball, location: 2F
3-2: DOUBLE (Groundball, 5L, EV 101.9 MPH)
Batting: RHB Sergio Manzanero 0-0: Ball
1-0: Ball
2-0: Ball
3-0: Base on Balls
Batting: RHB Dustin Legault 0-0: Ball
1-0: Ball
2-0: Ball
3-0: Base on Balls
Cesar Rendon to third
Sergio Manzanero to second
Batting: SHB Blaine Peters 0-0: Called Strike
0-1: SINGLE (Groundball, 6S, EV 73.1 MPH) (infield hit)
Cesar Rendon scores
Sergio Manzanero to third
Dustin Legault to second
Batting: RHB John Ricketts 0-0: Foul Ball, location: 2F
0-1: Ball
1-1: Ball
2-1: Ball
3-1: Base on Balls
Sergio Manzanero scores
Dustin Legault to third
Blaine Peters to second
Batting: LHB J.P. Olson 0-0: Ball
1-0: Ball
2-0: Ball
3-0: Called Strike
3-1: Called Strike
3-2: Base on Balls
Dustin Legault scores
Blaine Peters to third
John Ricketts to second
Batting: RHB Daniel Rivera 0-0: Ball
1-0: Called Strike
1-1: Ball
2-1: Swinging Strike
2-2: Foul Ball, location: 2F
2-2: Ball
3-2: Base on Balls
Blaine Peters scores
John Ricketts to third
J.P. Olson to second
Batting: RHB Mike Smith 0-0: Ball
1-0: Ball
2-0: Foul Ball, location: 2F
2-1: Called Strike
2-2: Ball
3-2: Fly out, F8 (Line Drive, 8RD, EV 98.1 MPH)
Runner from 3rd tags up, SCORES, throw by CF
Batting: RHB Longfellow Wetzler 0-0: Ball
1-0: Ball
2-0: Called Strike
2-1: Fielders Choice at 2nd, 6-4 (Groundball, 6, EV 103.1 MPH)
Top of the 2nd over - 5 runs, 2 hits, 0 errors, 2 left on base; Kane County 5 - Hartford 1
BOTTOM OF THE 2ND
Hartford Yard Goats batting - Pitching for Kane County Cougars : RHP Marco Rodriguez
Batting: RHB Bryce Hickman 0-0: Ball
1-0: Ball
2-0: Foul Ball, location: 2F
2-1: Fly out, F7 (Flyball, 7S, EV 92.5 MPH)
Batting: RHB Dwane Reed 0-0: Called Strike
0-1: Swinging Strike
0-2: Foul Ball, location: 2F
0-2: Strikes out swinging
Batting: SHB Brad Madden 0-0: Foul Ball, location: 2F
0-1: Called Strike
0-2: Fly out, F8 (Flyball, 89M, EV 80.6 MPH)
Bottom of the 2nd over - 0 runs, 0 hits, 0 errors, 0 left on base; Kane County 5 - Hartford 1
TOP OF THE 3RD
Kane County Cougars batting - Pitching for Hartford Yard Goats : RHP Ryan Squire
Batting: RHB Cesar Rendon 0-0: Called Strike
0-1: Ball
1-1: Ground out 5-3 (Groundball, 5, EV 80.0 MPH)
Batting: RHB Sergio Manzanero 0-0: Ground out 4-3 (Groundball, 4S, EV 88.8 MPH)
Batting: RHB Dustin Legault 0-0: SINGLE (Groundball, 34D, EV 110.6 MPH)
Batting: SHB Blaine Peters 0-0: Ball
1-0: Ground out 4-3 (Groundball, 4, EV 86.2 MPH)
Top of the 3rd over - 0 runs, 1 hit, 0 errors, 1 left on base; Kane County 5 - Hartford 1
BOTTOM OF THE 3RD
Hartford Yard Goats batting - Pitching for Kane County Cougars : RHP Marco Rodriguez
Batting: RHB Ray Insley 0-0: Ball
1-0: Called Strike
1-1: Called Strike
1-2: Ball
2-2: Foul Ball, location: 2F
2-2: Foul Ball, location: 2F
2-2: Ball
3-2: DOUBLE (Groundball, 5L, EV 110.6 MPH)
Batting: RHB Doug D'Onofrio 0-0: Called Strike
0-1: Ball
1-1: Foul Ball, location: 2F
1-2: Ball
2-2: Ball
3-2: Foul Ball, location: 2F
3-2: Foul Ball, location: 2F
3-2: Ground out 5-3 (Groundball, 56S, EV 71.9 MPH)
Ray Insley to third
Batting: SHB Jeff Sorrels 0-0: Ball
1-0: SINGLE (Groundball, 4D, EV 104.4 MPH)
Ray Insley scores
Batting: RHB Andy Rayer 0-0: Ball
1-0: TRIPLE (Line Drive, 78XD, EV 103.8 MPH)
Jeff Sorrels scores
Batting: SHB Ken Griffey IV 0-0: Ball
1-0: Fly out, F6 (Popup, 6M, EV 72.5 MPH)
Batting: RHB Chris Osting 0-0: Fly out, F8 (Flyball, 8LD, EV 91.2 MPH)
Bottom of the 3rd over - 2 runs, 3 hits, 0 errors, 1 left on base; Kane County 5 - Hartford 3
TOP OF THE 4TH
Kane County Cougars batting - Pitching for Hartford Yard Goats : RHP Ryan Squire
Batting: RHB John Ricketts 0-0: Ball
1-0: Called Strike
1-1: Fly out, F8 (Flyball, 8RXD, EV 108.1 MPH)
Batting: LHB J.P. Olson 0-0: Ball
1-0: Swinging Strike
1-1: Ball
2-1: Foul Ball, location: 2F
2-2: Ball
3-2: Base on Balls
Batting: RHB Daniel Rivera 0-0: Ball
1-0: Called Strike
J.P. Olson steals 2nd base
1-1: Ball
2-1: Ground out 1-3 (Groundball, 15S, EV 71.2 MPH)
Batting: RHB Mike Smith 0-0: Ball
1-0: Ball
2-0: Foul Ball, location: 2F
2-1: SINGLE (Groundball, 6MD, EV 94.4 MPH)
J.P. Olson to third
Runner from 3rd tries for Home, throw by CF and OUT! 8-2
Top of the 4th over - 0 runs, 1 hit, 0 errors, 1 left on base; Kane County 5 - Hartford 3
BOTTOM OF THE 4TH
Hartford Yard Goats batting - Pitching for Kane County Cougars : RHP Marco Rodriguez
Batting: RHB Bryce Hickman 0-0: Called Strike
0-1: Ball
1-1: Ground out 6-3 (Groundball, 6M, EV 100.6 MPH)
Batting: RHB Dwane Reed 0-0: Swinging Strike
0-1: Ball
1-1: Ball
2-1: Ball
3-1: Swinging Strike
3-2: Foul Ball, location: 2F
3-2: SINGLE (Groundball, 56D, EV 94.4 MPH)
Batting: SHB Brad Madden 0-0: Ball
1-0: SINGLE (Groundball, 34, EV 108.1 MPH) (infield hit)
Dwane Reed to second
Batting: RHB Ray Insley 0-0: Ball
1-0: Foul Ball, location: 2F
1-1: Ball
2-1: Foul Ball, location: 2F
2-2: Foul Ball, location: 2F
2-2: Ball
3-2: Foul Ball, location: 2F
3-2: Grounds into double play, 4-6-3 (Groundball, 4MD, EV 96.9 MPH)
Bottom of the 4th over - 0 runs, 2 hits, 0 errors, 1 left on base; Kane County 5 - Hartford 3
TOP OF THE 5TH
Kane County Cougars batting - Pitching for Hartford Yard Goats : RHP Ryan Squire
Batting: RHB Longfellow Wetzler 0-0: Called Strike
0-1: Called Strike
0-2: Ground out 6-3 (Groundball, 6, EV 100.6 MPH)
Batting: RHB Cesar Rendon 0-0: Ball
1-0: SINGLE (Groundball, 56D, EV 106.9 MPH)
Batting: RHB Sergio Manzanero 0-0: Ball
Cesar Rendon steals 2nd base
1-0: Ball
2-0: Ball
3-0: Called Strike
3-1: Foul Ball, location: 2F
3-2: Base on Balls
Pitching: RHP Saburo Fujimoto
Batting: RHB Dustin Legault 0-0: Ball
1-0: Foul Ball, location: 2F
1-1: Foul Ball, location: 2F
1-2: Ball
2-2: Strikes out looking
Batting: SHB Blaine Peters 0-0: Ball
1-0: Ball
2-0: Ball
3-0: Called Strike
3-1: Ground out 3-1 (Groundball, 34S, EV 81.2 MPH)
Top of the 5th over - 0 runs, 1 hit, 0 errors, 2 left on base; Kane County 5 - Hartford 3
BOTTOM OF THE 5TH
Hartford Yard Goats batting - Pitching for Kane County Cougars : RHP Marco Rodriguez
Batting: RHB Doug D'Onofrio 0-0: Called Strike
0-1: Swinging Strike
0-2: Ball
1-2: Ball
2-2: Ground out 6-3 (Groundball, 6, EV 86.2 MPH)
Batting: SHB Jeff Sorrels 0-0: Called Strike
0-1: Foul Ball, location: 2F
0-2: Foul Ball, location: 2F
0-2: Ball
1-2: Strikes out swinging
Batting: RHB Andy Rayer 0-0: Called Strike
0-1: Swinging Strike
0-2: Ball
1-2: Ground out 6-3 (Groundball, 6, EV 100.0 MPH)
Bottom of the 5th over - 0 runs, 0 hits, 0 errors, 0 left on base; Kane County 5 - Hartford 3
TOP OF THE 6TH
Kane County Cougars batting - Pitching for Hartford Yard Goats : RHP Saburo Fujimoto
Batting: RHB John Ricketts 0-0: Ball
1-0: Ball
2-0: Ball
3-0: Called Strike
3-1: Foul Ball, location: 2F
3-2: Strikes out swinging
Batting: LHB J.P. Olson 0-0: Ball
1-0: Foul Ball, location: 2F
1-1: Ball
2-1: Foul Ball, location: 2F
2-2: Foul Ball, location: 2F
2-2: Ball
3-2: DOUBLE (Flyball, 9LD, EV 100.6 MPH)
Batting: RHB Daniel Rivera 0-0: Foul Ball, location: 2F
0-1: Foul Ball, location: 2F
0-2: Ball
1-2: Foul Ball, location: 2F
1-2: Ball
2-2: Fly out, F7 (Flyball, 7LM, EV 85.0 MPH)
Runner from 2nd tags up, SAFE at 3rd with throw by LF
Batting: RHB Mike Smith 0-0: Swinging Strike
0-1: Foul Ball, location: 2F
0-2: Ball
1-2: Strikes out swinging
Top of the 6th over - 0 runs, 1 hit, 0 errors, 1 left on base; Kane County 5 - Hartford 3
BOTTOM OF THE 6TH
Hartford Yard Goats batting - Pitching for Kane County Cougars : RHP Marco Rodriguez
Batting: SHB Ken Griffey IV 0-0: Ball
1-0: Foul Ball, location: 2F
1-1: Ball
2-1: Foul Ball, location: 2F
2-2: Ground out 4-3 (Groundball, 4, EV 83.8 MPH)
Batting: RHB Chris Osting 0-0: Foul Ball, location: 2F
0-1: Swinging Strike
0-2: Ball
1-2: Ground out 5-3 (Groundball, 56S, EV 78.8 MPH)
Batting: RHB Bryce Hickman 0-0: Called Strike
0-1: Ball
1-1: Swinging Strike
1-2: Ground out 5-3 (Groundball, 56S, EV 78.1 MPH)
Bottom of the 6th over - 0 runs, 0 hits, 0 errors, 0 left on base; Kane County 5 - Hartford 3
TOP OF THE 7TH
Kane County Cougars batting - Pitching for Hartford Yard Goats : RHP Saburo Fujimoto
Pitching: RHP Jerry Dunne
Batting: RHB Longfellow Wetzler 0-0: Ball
1-0: Ball
2-0: Called Strike
2-1: Ball
3-1: Foul Ball, location: 2F
3-2: Strikes out swinging
Batting: RHB Cesar Rendon 0-0: Foul Ball, location: 2F
0-1: Foul Ball, location: 2F
0-2: Ball
1-2: Foul Ball, location: 2F
1-2: Ball
2-2: Strikes out swinging
Batting: RHB Sergio Manzanero 0-0: Ground out 4-3 (Groundball, 4, EV 107.5 MPH)
Top of the 7th over - 0 runs, 0 hits, 0 errors, 0 left on base; Kane County 5 - Hartford 3
BOTTOM OF THE 7TH
Hartford Yard Goats batting - Pitching for Kane County Cougars : RHP Marco Rodriguez
Batting: RHB Dwane Reed 0-0: Ball
1-0: Called Strike
1-1: Ball
2-1: Fly out, F8 (Flyball, 8RD, EV 99.4 MPH)
Pitching: RHP Jaylen Hatten
Batting: SHB Brad Madden 0-0: Ball
1-0: Ball
2-0: Ball
3-0: Foul Ball, location: 2F
3-1: Foul Ball, location: 2F
3-2: Foul Ball, location: 2F
3-2: SINGLE (Flyball, 4MD, EV 94.4 MPH)
Batting: RHB Ray Insley 0-0: Ball
1-0: Swinging Strike
1-1: Ball
2-1: Foul Ball, location: 2F
2-2: Foul Ball, location: 2F
2-2: Ball
3-2: Foul Ball, location: 2F
3-2: Fielders Choice at 2nd, 5-4 (Groundball, 56, EV 78.1 MPH)
Batting: RHB Doug D'Onofrio 0-0: Ball
1-0: Foul Ball, location: 2F
1-1: Ball
2-1: Foul Ball, location: 2F
2-2: Fielders Choice at 2nd, 6-4 (Groundball, 56, EV 81.2 MPH)
Bottom of the 7th over - 0 runs, 1 hit, 0 errors, 1 left on base; Kane County 5 - Hartford 3
TOP OF THE 8TH
Kane County Cougars batting - Pitching for Hartford Yard Goats : RHP Jerry Dunne
Batting: RHB Dustin Legault 0-0: Swinging Strike
0-1: Ball
1-1: Foul Ball, location: 2F
1-2: Ball
2-2: Ground out 5-3 (Groundball, 56S, EV 81.2 MPH)
Batting: SHB Blaine Peters 0-0: Ball
1-0: Called Strike
1-1: Ball
2-1: Fly out, F7 (Line Drive, 7S, EV 108.1 MPH)
Batting: RHB John Ricketts 0-0: Foul Ball, location: 2F
0-1: Swinging Strike
0-2: Strikes out swinging
Top of the 8th over - 0 runs, 0 hits, 0 errors, 0 left on base; Kane County 5 - Hartford 3
BOTTOM OF THE 8TH
Hartford Yard Goats batting - Pitching for Kane County Cougars : RHP Jaylen Hatten
Now in CF: Jeff Trapp
Batting: SHB Jeff Sorrels 0-0: Ball
1-0: Ball
2-0: Called Strike
2-1: Ground out 6-3 (Groundball, 6D, EV 105.0 MPH)
Batting: RHB Andy Rayer 0-0: Called Strike
0-1: Ball
1-1: Swinging Strike
1-2: Foul Ball, location: 2F
1-2: TRIPLE (Flyball, 89XD, EV 106.9 MPH)
Batting: SHB Ken Griffey IV 0-0: Ball
1-0: Ball
2-0: Ball
3-0: Foul Ball, location: 2F
3-1: Base on Balls
Batting: RHB Chris Osting 0-0: Ball
1-0: Grounds into double play, 6-4-3 (Groundball, 56D, EV 103.8 MPH)
Bottom of the 8th over - 0 runs, 1 hit, 0 errors, 1 left on base; Kane County 5 - Hartford 3
TOP OF THE 9TH
Kane County Cougars batting - Pitching for Hartford Yard Goats : RHP Jerry Dunne
Pitching: RHP Gorgonio Sigua
Batting: LHB J.P. Olson 0-0: Fly out, F3 (Line Drive, 3, EV 75.0 MPH)
Batting: RHB Daniel Rivera 0-0: Foul Ball, location: 2F
0-1: Called Strike
0-2: Hit by Pitch
Batting: RHB Mike Smith 0-0: Ball
1-0: Ball
2-0: Called Strike
2-1: Foul Ball, location: 2F
2-2: Hit by Pitch
Daniel Rivera to second
Batting: RHB Longfellow Wetzler 0-0: SINGLE (Flyball, 89D, EV 96.2 MPH)
Daniel Rivera to third
Mike Smith to second
Batting: LHB Jeff Trapp 0-0: Ball
1-0: SINGLE (Groundball, 4M, EV 83.1 MPH) (infield hit)
Daniel Rivera scores
Mike Smith to third
Longfellow Wetzler to second
Batting: RHB Sergio Manzanero 0-0: Ball
1-0: GRAND SLAM HOME RUN (Flyball, 9LD, EV 93.8 MPH), Distance : 351 ft
Pitching: RHP Jim Crooks
Batting: RHB Dustin Legault 0-0: Called Strike
0-1: Ball
1-1: Ball
2-1: Ball
3-1: Base on Balls
Batting: SHB Blaine Peters 0-0: Ball
1-0: Ball
2-0: Ball
3-0: Base on Balls
Dustin Legault to second
Batting: RHB John Ricketts 0-0: Ball
1-0: Ball
2-0: Ball
3-0: Base on Balls
Dustin Legault to third
Blaine Peters to second
Batting: LHB J.P. Olson 0-0: Called Strike
0-1: Foul Ball, location: 2F
0-2: Ball
1-2: Foul Ball, location: 2F
1-2: Ball
2-2: Ball
3-2: Base on Balls
Dustin Legault scores
Blaine Peters to third
John Ricketts to second
Pitching: RHP Befikadu Mthuthuzeli
Batting: RHB Daniel Rivera 0-0: Ball
1-0: Swinging Strike
1-1: Foul Ball, location: 2F
1-2: Ball
2-2: Strikes out looking
Batting: RHB Mike Smith 0-0: Ball
1-0: Ball
2-0: Foul Ball, location: 2F
2-1: Ball
3-1: Base on Balls
Blaine Peters scores
John Ricketts to third
J.P. Olson to second
Batting: RHB Longfellow Wetzler 0-0: Ball
1-0: Called Strike
1-1: Ball
2-1: Ball
3-1: Foul Ball, location: 2F
3-2: Base on Balls
John Ricketts scores
J.P. Olson to third
Mike Smith to second
Batting: LHB Jeff Trapp 0-0: Called Strike
0-1: Ball
1-1: Foul Ball, location: 2F
1-2: Ball
2-2: Foul Ball, location: 2F
2-2: Strikes out swinging
Top of the 9th over - 8 runs, 3 hits, 0 errors, 3 left on base; Kane County 13 - Hartford 3
BOTTOM OF THE 9TH
Hartford Yard Goats batting - Pitching for Kane County Cougars : RHP Jaylen Hatten
Batting: RHB Bryce Hickman 0-0: Swinging Strike
0-1: Called Strike
0-2: Ground out 6-3 (Groundball, 6MD, EV 87.5 MPH)
Batting: RHB Dwane Reed 0-0: Ball
1-0: Ball
2-0: Foul Ball, location: 2F
2-1: Ball
3-1: Called Strike
3-2: Foul Ball, location: 2F
3-2: Foul Ball, location: 2F
3-2: SINGLE (Groundball, 4MD, EV 101.2 MPH)
Pitching: RHP Willie Lasso
Batting: SHB Brad Madden 0-0: Called Strike
0-1: Foul Ball, location: 2F
0-2: Foul Ball, location: 2F
0-2: Strikes out swinging
Batting: RHB Ray Insley 0-0: Called Strike
0-1: Swinging Strike
0-2: Ball
1-2: Foul Ball, location: 2F
1-2: Ball
2-2: Strikes out looking
Bottom of the 9th over - 0 runs, 1 hit, 0 errors, 1 left on base; Kane County 13 - Hartford 3
Sunday, July 16th , 2023 - OOTP Baseball 24.6 Build 69